 Dungeon Crawl Stone Soup version 0.23.3-3-gaaff5abdbf (webtiles) character file.

Game seed: 14701740042976618083

69702 MordorOrchid the Martial Artist (level 15, -3/99 HPs)
             Began as an Octopode Transmuter on May 26, 2020.
             Was the Champion of Cheibriados.
             Splashed by an oklob plant's acid (15 damage)
             ... on level 5 of the Lair of Beasts.
             The game lasted 01:58:27 (19071 turns).

MordorOrchid the Martial Artist (OpTm)             Turns: 19071, Time: 01:58:28

Health: -3/99      AC: -4    Str: 29    XL:     15   Next: 30%
Magic:  30/30      EV: 35    Int: 36    God:    Cheibriados [******]
Gold:   1462       SH:  0    Dex: 29    Spells: 5/36 levels left

rFire    + . .     SeeInvis .     - Unarmed
rCold    . . .     Gourm    +   (shield currently unavailable)
rNeg     + . .     Faith    .   (helmet restricted)
rPois    .         Spirit   .   r - amulet of the gourmand
rElec    .         Reflect  .   F - +2 ring of evasion
rCorr    .         Harm     .   K - ring of wizardry
MR       +....                  O - ring of positive energy
Stlth    ++++++....             V - +3 ring of protection
HPRegen  0.26/turn              J - ring of stealth
MPRegen  0.22/turn              g - ring of Phasing {EV+8}
                                q - ring of protection from fire
                                G - +5 ring of strength

@: blade tentacles, corroded, very slightly contaminated, very slow
A: almost no armour, stealthy swim, amphibious, 8 rings, constrict 8, camouflage
1, gelatinous body 1
a: End Transformation, Bend Time, Temporal Distortion, Slouch, Step From Time,
Renounce Religion


You were on level 5 of the Lair of Beasts.
You worshipped Cheibriados.
Cheibriados was exalted by your worship.
You were very full.
You had blades for tentacles.
You visited 3 branches of the dungeon, and saw 19 of its levels.
You also visited: Gauntlet.

You collected 1826 gold pieces.
You spent 364 gold pieces at shops.

Inventory:

Hand Weapons
 b - a +0 blowgun
 j - a +1 hunting sling of flaming (melded)
Missiles
 a - 312 arrows
 l - 16 javelins (quivered)
 x - 175 sling bullets
 C - 6 throwing nets
Armour
 S - a +0 buckler (melded)
Magical Staves
 h - an uncursed staff of air
 X - an uncursed staff of fire
Jewellery
 g - the ring of Phasing (on tentacle) {EV+8}
   (You found it in a Gauntlet)

   [ring of evasion]

   It affects your evasion (+8).
 i - an uncursed ring of ice
 q - a ring of protection from fire (on tentacle)
 r - an amulet of the gourmand (around mantle)
 F - a +2 ring of evasion (left scythe-like blade)
 G - a +5 ring of strength (on tentacle)
 J - a ring of stealth (on tentacle)
 K - a ring of wizardry (right scythe-like blade)
 O - a ring of positive energy (on tentacle)
 Q - an uncursed ring of positive energy
 V - a +3 ring of protection (on tentacle)
Wands
 f - a wand of acid (30)
 u - a wand of clouds (1)
 H - a wand of scattershot (8)
 R - a wand of iceblast (21)
 U - a wand of flame (56)
Scrolls
 d - 8 scrolls of remove curse
 m - 3 scrolls of fear
 o - 7 scrolls of amnesia
 p - 3 scrolls of summoning
 s - 6 scrolls of fog
 A - 2 scrolls of immolation
 B - a scroll of holy word
 D - a scroll of enchant armour
 E - 12 scrolls of teleportation
 M - 4 scrolls of identify
 P - a scroll of vulnerability
 W - a scroll of noise
 Y - 5 scrolls of blinking
 Z - 2 scrolls of magic mapping
Potions
 e - 2 potions of brilliance
 k - 3 potions of mutation
 n - 12 potions of curing
 t - a potion of ambrosia
 v - 3 potions of flight
 w - 8 potions of heal wounds
 y - a potion of cancellation
 L - a potion of agility
 N - 2 potions of lignification
Comestibles
 c - 27 rations


   Skills:
 * Level 7.8 Fighting
 * Level 10.8 Dodging
 - Level 6.0 Stealth
 - Level 4.0 Shields
 - Level 12.0 Unarmed Combat
 * Level 11.2 Spellcasting
 * Level 5.7 Conjurations
 * Level 2.3 Summonings
 - Level 9.0 Transmutations
 - Level 3.0 Ice Magic
 - Level 4.0 Air Magic
 * Level 4.6 Earth Magic
 - Level 2.4 Poison Magic
 * Level 7.7 Invocations
 - Level 5.0 Evocations


You had 5 spell levels left.
You knew the following spells:

 Your Spells              Type           Power        Failure   Level  Hunger
a - Beastly Appendage     Tmut           ######       2%          1    None
b - Sticks to Snakes      Tmut           ######..     2%          2    None
d - Petrify               Tmut/Erth      ######..     7%          4    None
g - Mephitic Cloud        Conj/Pois/Air  #####...     6%          3    None
j - Summon Lightning Spi  Summ/Air       #####...     14%         4    None
r - Irradiate             Conj/Tmut      ######....   10%         5    None
y - Spider Form           Tmut/Pois      ######....   4%          3    None
A - Blade Hands           Tmut           ######....   7%          5    None
Y - Ice Form              Ice/Tmut       ######..     8%          4    None

Your spell library contained the following spells:

 Spells                   Type           Power        Failure   Level  Hunger
 Sting                    Conj/Pois      ####         4%          1    None
 Summon Small Mammal      Summ           ####         6%          1    None
 Poisonous Vapours        Pois/Air       #####.       6%          2    None
 Static Discharge         Conj/Air       ######..     6%          3    None
 Call Imp                 Summ           #####...     7%          2    None
 Ignite Poison            Fire/Tmut/Pois #####...     7%          3    None
 Confusing Touch          Hex            ###...       9%          1    None
 Call Canine Familiar     Summ           #####...     9%          3    None
 Sublimation of Blood     Necr           ###.......   11%         2    None
 Summon Guardian Golem    Hex/Summ       ####....     12%         3    None
 Airstrike                Air            #####.....   12%         4    None
 Alistair's Intoxication  Tmut/Pois      ######..     14%         5    None
 Confuse                  Hex            ###.....     16%         3    None
 Gell's Gravitas          Tloc           ###.......   16%         3    None
 Summon Ice Beast         Ice/Summ       #####...     16%         4    None
 Olgreb's Toxic Radiance  Pois           #####...     17%         4    None
 Yara's Violent Unravell  Hex/Tmut       ######....   19%         5    None
 Venom Bolt               Conj/Pois      #####.....   21%         5    None
 Fireball                 Conj/Fire      #####.....   30%         5    None
 Silence                  Hex/Air        ####......   36%         5    None
 Metabolic Englaciation   Hex/Ice        ####......   38%         5    None
 Conjure Ball Lightning   Conj/Air       ######....   47%         6    ####...
 Bolt of Fire             Conj/Fire      #####.....   69%         6    ####...
 Ring of Flames           Chrm/Fire      ###.......   100%        7    #####..
 Ignition                 Fire           ###.......   100%        8    #######


Dungeon Overview and Level Annotations

Branches:
Dungeon (12/15)            Temple (1/1) D:7            Lair (6/6) D:9
  Swamp (0/4) Lair:4       Spider (0/4) Lair:4        Slime (0/5) Lair:5
    Orc (0/2) D:9

Altars:
Ashenzari
Cheibriados
Dithmenos
Elyvilon
Fedhas
Gozag
Hepliaklqana
Kikubaaqudgha
Makhleb
Nemelex Xobeh
Okawaru
Qazlal
Ru
Sif Muna
Trog
Uskayaw
Vehumet
Wu Jian
Xom
Yredelemnul
Zin
The Shining One
Beogh

Shops:
D:8 !   D:10 ?

Annotations:
D:12 exclusion: hog
Lair:1 1 runed translucent door, SirRappy's ghost, journeyman MfBe
Lair:5 exclusion: oklob plant


Innate Abilities, Weirdness & Mutations

You cannot wear most types of armour.
You are very stealthy in the water. (Stealth+)
You are amphibious.
You can wear up to eight rings at the same time.
You can use your tentacles to constrict eight enemies at once.
Your skin changes colour to match your surroundings (Stealth+).
Your rubbery body absorbs attacks. (AC +1, EV +1)


Message History

The splash of acid hits you! The acid corrodes you!
You are splashed with acid!
You are too injured to fight recklessly!
You are too injured to fight recklessly!
You shred the oklob plant!!! You grab the oklob plant.
You squeeze the oklob plant, but do no damage.
The oklob plant is severely damaged.
You constrict the oklob plant. The oklob plant spits acid at you.
The splash of acid hits you!
* * * LOW HITPOINT WARNING * * *
You are splashed with acid!
* * * LOW HITPOINT WARNING * * *
You slash the oklob plant!
You destroy the oklob plant!
Cheibriados thoroughly appreciates the change of pace.
The oklob plant spits acid at you. The splash of acid hits you!
* * * LOW HITPOINT WARNING * * *
You are splashed with acid!
You die...

..........÷#
........!..#
.........÷###
#...........###
#...#...P#....#######
#...###.##....P(.$}%#
##..# ####..........#
##.### ###..P..$$(#
##..# #..P[@..$#
#...# #...PP([$$#
##..## ###.#######
#...### ### #..#..#
##..#.# ##.####
#...## ##...##


You could see an oklob plant.

Vanquished Creatures
  A minotaur (Gauntlet)
  2 fire dragons
  9 hydras
  An ice dragon (Lair:6)
  3 two-headed ogres (D:12)
  A centaur warrior (D:12)
  5 death yaks (Lair:6)
  3 unseen horrors
  A swamp dragon (Lair:6)
  3 lindwurms
  5 oklob plants (Lair:5)
  5 black mambas
  17 elephants
  An apocalypse crab (Gauntlet)
  Maurice (D:10)
  5 torpor snails
  10 spiny frogs
  15 rime drakes
  4 komodo dragons (Lair:6)
  A kobold demonologist (D:10)
  4 trolls
  A jumping spider (Lair:4)
  7 hornets
  A queen bee (Gauntlet)
  2 polar bears (Lair:6)
  3 tyrant leeches (Lair:6)
  15 blink frogs
  2 slime creatures (D:12)
  Prince Ribbit (D:5)
  14 hippogriffs
  2 redbacks (Lair:4)
  49 yaks
  Eustachio (D:4)
  A fire bat (D:9)
  A wyvern (Lair:2)
  Grum (D:10)
  8 steam dragons
  A hungry ghost (D:11)
  10 water moccasins
  8 porcupines
  2 swamp drakes (Lair:6)
  9 orc warriors
  4 sky beasts
  3 ice beasts
  A black bear (D:7)
  3 phantoms
  5 ogres
  13 wolves
  4 centaurs
  A necrophage (D:9)
  17 crocodiles
  10 big kobolds (D:10)
  13 bullfrogs
  A gnoll sergeant (D:6)
  5 scorpions
  9 wights
  20 killer bees
  2 howler monkeys
  2 bullfrog zombies (D:12)
  2 crimson imps
  A quasit (D:9)
  2 centaur zombies
  4 hounds
  Crazy Yiuf (D:6)
  A bullfrog skeleton (D:8)
  2 centaur skeletons
  4 jellies
  12 orc wizards
  9 orc priests
  A gnoll shaman (D:10)
  Terence (D:2)
  6 iguanas
  7 worker ants
  Natasha (thrice) (D:2)
  A hound zombie (D:7)
  A hound skeleton (D:4)
  13 gnolls
  6 adders
  2 shadow imps (D:10)
  3 oozes
  An adder skeleton (D:4)
  2 worms
  A dart slug (D:2)
  4 leopard geckos
  72 orcs
  7 bats
  7 giant cockroaches
  10 goblins
  7 hobgoblins
  5 jackals
  2 quokkas
  A ball python (D:1)
  8 frilled lizards
  A jackal skeleton (D:5)
  32 kobolds
  8 kobold skeletons (D:10)
  10 kobold zombies (D:10)
  A leopard gecko skeleton (D:7)
  A leopard gecko zombie (D:5)
  6 rats
  A spectral orc (D:6)
  A fungus (Lair:3)
  2 plants (Lair:6)
621 creatures vanquished.

Vanquished Creatures (collateral kills)
  A death yak (Lair:6)
  A hornet (Lair:6)
  4 dream sheep (Lair:6)
  A blink frog (Lair:5)
  2 basilisks
  2 water moccasins
  A wolf (Lair:3)
12 creatures vanquished.

Vanquished Creatures (others)
  A torpor snail (Lair:6)
  11 demonic plants (Gauntlet)
  23 fungi
  48 plants
83 creatures vanquished.

Grand Total: 716 creatures vanquished

Notes
Turn   | Place    | Note
-------+----------+-------------------------------------------
     0 | D:1      | MordorOrchid the Octopode Transmuter began the quest for
                  | the Orb.
     0 | D:1      | Reached XP level 1. HP: 13/13 MP: 3/3
    73 | D:1      | Reached XP level 2. HP: 8/18 MP: 3/5
    80 | D:1      | Learned a level 2 spell: Sticks to Snakes
   424 | D:1      | Reached skill level 1 in Stealth
   858 | D:2      | Reached XP level 3. HP: 20/23 MP: 4/6
   868 | D:2      | Learned a level 3 spell: Spider Form
   897 | D:2      | Noticed Natasha
   906 | D:2      | Killed Natasha
   916 | D:2      | Found a faded altar of an unknown god.
   988 | D:2      | Reached XP level 4. HP: 27/28 MP: 5/7
  1004 | D:2      | Noticed Natasha
  1016 | D:2      | Killed Natasha
  1123 | D:2      | Noticed Natasha
  1131 | D:2      | Killed Natasha
  1131 | D:2      | Reached skill level 1 in Poison Magic
  1131 | D:2      | Reached XP level 5. HP: 23/33 MP: 7/9
  1415 | D:2      | Noticed Terence
  1547 | D:2      | Killed Terence
  1594 | D:2      | Found a hazy altar of Hepliaklqana.
  1829 | D:3      | Found a bloodstained altar of Trog.
  1837 | D:3      | Found a sparkling altar of Nemelex Xobeh.
  2132 | D:3      | Found a radiant altar of Vehumet.
  2412 | D:4      | Found a hide-covered altar of Uskayaw.
  2628 | D:4      | Reached XP level 6. HP: 9/39 MP: 6/11
  3365 | D:4      | Found an opulent altar of Gozag.
  3635 | D:4      | Noticed Eustachio
  3660 | D:4      | Killed Eustachio
  3660 | D:4      | Reached skill level 1 in Evocations
  3660 | D:4      | Reached XP level 7. HP: 24/45 MP: 10/13
  3949 | D:4      | Learned a level 4 spell: Ice Form
  3973 | D:5      | Entered Level 5 of the Dungeon
  4245 | D:5      | Noticed Prince Ribbit
  4266 | D:5      | Killed Prince Ribbit
  4880 | D:5      | Reached skill level 1 in Ice Magic
  5079 | D:6      | Reached XP level 8. HP: 51/51 MP: 11/14
  5369 | D:6      | Found a basalt altar of Yredelemnul.
  5463 | D:6      | Found a runed translucent door.
  5464 | D:6      | Noticed Crazy Yiuf
  5487 | D:6      | Killed Crazy Yiuf
  5620 | D:6      | Reached skill level 4 in Unarmed Combat
  6592 | D:7      | Reached skill level 5 in Unarmed Combat
  6608 | D:7      | Found a staircase to the Ecumenical Temple.
  6613 | Temple   | Entered the Ecumenical Temple
  6693 | Temple   | Became a worshipper of Cheibriados the Contemplative
  6738 | D:7      | Reached XP level 9. HP: 44/57 MP: 11/16
  6782 | D:7      | Reached skill level 5 in Transmutations
  6789 | D:7      | Reached skill level 1 in Invocations
  7005 | D:7      | Reached skill level 5 in Spellcasting
  7042 | D:7      | Reached skill level 5 in Dodging
  7042 | D:7      | Reached skill level 6 in Unarmed Combat
  7341 | D:8      | Reached * piety under Cheibriados
  7527 | D:8      | Found Cutunirgh's Distillery.
  7530 | D:8      | Bought a potion of heal wounds for 65 gold pieces
  7530 | D:8      | Bought 2 potions of invisibility for 208 gold pieces
  7785 | D:8      | Reached skill level 5 in Stealth
  8163 | D:9      | Reached XP level 10. HP: 41/63 MP: 17/17
  8494 | D:9      | Reached ** piety under Cheibriados
  8724 | D:9      | Reached *** piety under Cheibriados
  8726 | D:9      | Found a roughly hewn altar of Beogh.
  8731 | D:9      | Found a staircase to the Orcish Mines.
  9080 | D:9      | Reached skill level 7 in Unarmed Combat
  9114 | D:9      | Found a staircase to the Lair.
  9159 | D:9      | Reached **** piety under Cheibriados
  9448 | D:10     | Entered Level 10 of the Dungeon
  9448 | D:10     | Noticed Grum
  9729 | D:10     | Noticed Maurice
  9787 | D:10     | Killed Maurice
  9787 | D:10     | Reached skill level 1 in Shields
  9787 | D:10     | Reached XP level 11. HP: 59/70 MP: 19/19
  9822 | D:10     | Reached skill level 8 in Unarmed Combat
  9868 | D:10     | Found Resaethro's Magic Scroll Emporium.
  9883 | D:10     | Bought a scroll of noise for 13 gold pieces
  9883 | D:10     | Bought a scroll of identify for 26 gold pieces
  9883 | D:10     | Bought a scroll of identify for 26 gold pieces
  9883 | D:10     | Bought a scroll of fog for 26 gold pieces
 10229 | D:10     | Reached ***** piety under Cheibriados
 10305 | D:10     | Noticed a sun demon
 10565 | D:10     | Reached skill level 5 in Fighting
 10579 | D:10     | Found an ancient bone altar of Kikubaaqudgha.
 10699 | D:10     | Killed an unseen horror
 10802 | D:10     | Killed Grum
 11040 | D:10     | Learned a level 5 spell: Blade Hands
 11130 | D:11     | Reached skill level 9 in Unarmed Combat
 11483 | D:11     | Reached skill level 5 in Evocations
 11648 | D:11     | Reached ****** piety under Cheibriados
 11783 | D:11     | Killed an unseen horror
 11854 | D:11     | Killed an unseen horror
 12002 | D:11     | Reached XP level 12. HP: 69/77 MP: 16/21
 12185 | D:12     | Learned a level 5 spell: Irradiate
 12391 | D:12     | Noticed a centaur warrior
 12422 | D:12     | Reached skill level 10 in Unarmed Combat
 12469 | D:12     | Reached skill level 1 in Conjurations
 12511 | D:12     | Killed a centaur warrior
 12511 | D:12     | Reached skill level 5 in Invocations
 12565 | D:12     | Noticed a two-headed ogre
 12571 | D:12     | Killed a two-headed ogre
 12719 | D:12     | Noticed a two-headed ogre
 12736 | D:12     | Killed a two-headed ogre
 12801 | D:12     | Noticed a two-headed ogre
 12808 | D:12     | Killed a two-headed ogre
 13217 | Lair:1   | Entered Level 1 of the Lair of Beasts
 13438 | Lair:1   | Found a runed translucent door.
 13447 | Lair:1   | Noticed SirRappy's ghost (journeyman MfBe)
 13937 | Lair:2   | Reached XP level 13. HP: 65/83 MP: 20/25
 13961 | Lair:2   | Found a gate leading to a gauntlet.
 13997 | Lair:2   | Learned a level 4 spell: Petrify
 13998 | Gauntlet | Entered a Gauntlet
 13998 | Gauntlet | Found a transporter.
 13998 | Gauntlet | Found a transporter.
 14002 | Gauntlet | Found a transporter.
 14018 | Gauntlet | Found a transporter.
 14021 | Gauntlet | Found a transporter.
 14024 | Gauntlet | Found a transporter.
 14030 | Gauntlet | Found a transporter.
 14030 | Gauntlet | Found a transporter.
 14055 | Gauntlet | Found a transporter.
 14098 | Gauntlet | Found a transporter.
 14108 | Gauntlet | Found the ring of Phasing {EV+8}
 14113 | Gauntlet | Found a transporter.
 14130 | Gauntlet | Found a transporter.
 14219 | Gauntlet | Found a transporter.
 14234 | Gauntlet | Found a transporter.
 14252 | Gauntlet | Found a transporter.
 14262 | Gauntlet | Found a transporter.
 14560 | Gauntlet | Noticed a minotaur
 14575 | Gauntlet | Killed a minotaur
 14594 | Gauntlet | Identified Desaew's Collected Works on Noxious
                  | Weightlessness
 14711 | Lair:2   | Reached skill level 1 in Earth Magic
 14896 | Lair:2   | You fall through a shaft!
 14948 | Lair:3   | Learned a level 3 spell: Mephitic Cloud
 15194 | Lair:2   | Reached skill level 1 in Air Magic
 15778 | Lair:3   | Reached skill level 11 in Unarmed Combat
 16152 | Lair:4   | Found a staircase to the Swamp.
 16231 | Lair:4   | Found a hole to the Spider Nest.
 16428 | Lair:4   | Reached XP level 14. HP: 90/90 MP: 27/27
 16926 | Lair:4   | You fall through a shaft!
 17162 | Lair:5   | Found a staircase to the Slime Pits.
 17284 | Lair:5   | Reached skill level 10 in Dodging
 17285 | Lair:5   | Reached skill level 12 in Unarmed Combat
 17558 | Lair:5   | Reached skill level 10 in Spellcasting
 17601 | Lair:5   | Reached skill level 5 in Conjurations
 17675 | Lair:5   | Learned a level 4 spell: Summon Lightning Spire
 17892 | Lair:6   | Entered Level 6 of the Lair of Beasts
 18052 | Lair:6   | Reached skill level 1 in Summonings
 18281 | Lair:6   | Found a runed translucent door.
 18374 | Lair:6   | Reached XP level 15. HP: 85/98 MP: 24/29
 19071 | Lair:5   | Splashed by an oklob plant's acid

Skill      XL: |  1  2  3  4  5  6  7  8  9 10 11 12 13 14 15 |
---------------+----------------------------------------------+-----
Stealth        | 1 2 3 6 |  6.0
Poison Magic   | 1 2 |  2.4
Transmutations | 3 4 5 6 8 9 |  9.0
Spellcasting   | 3 4 5 6 8 9 10 11 | 11.2
Fighting       | 2 3 4 5 6 7 |  7.8
Dodging        | 3 4 6 8 9 10 | 10.8
Evocations     | 1 2 3 4 5 |  5.0
Ice Magic      | 1 2 3 |  3.0
Unarmed Combat | 5 6 7 9 10 11 12 | 12.0
Invocations    | 3 4 5 6 7 |  7.7
Shields        | 1 3 4 |  4.0
Conjurations   | 2 4 5 |  5.7
Earth Magic    | 2 4 |  4.6
Air Magic      | 2 3 4 |  4.0
Summonings     | 1 2 |  2.3

Action                   |  1- 3 |  4- 6 |  7- 9 | 10-12 | 13-15 || total
-------------------------+-------+-------+-------+-------+-------++-------
Melee: Unarmed           |    53 |   135 |   224 |   558 |   504 ||  1474
       Kick              |    14 |    27 |     5 |       |       ||    46
       Tentacles         |     9 |    19 |     4 |    41 |    86 ||   159
       Constrict         |    11 |    28 |     4 |    12 |    12 ||    67
       Punch             |     3 |     3 |       |    15 |    39 ||    60
       Spear             |       |       |       |     5 |       ||     5
 Fire: Blowgun           |       |    20 |     8 |       |       ||    28
       Hunting sling     |       |       |    98 |    75 |    38 ||   211
 Cast: Beastly Appendage |    16 |    30 |     3 |       |     1 ||    50
       Spider Form       |       |     4 |    20 |    13 |     1 ||    38
       Sticks to Snakes  |       |     2 |       |     5 |    10 ||    17
       Ice Form          |       |       |     9 |    38 |    39 ||    86
       Blade Hands       |       |       |       |    29 |    30 ||    59
       Mephitic Cloud    |       |       |       |       |    24 ||    24
       Irradiate         |       |       |       |       |     1 ||     1
       Summon Lightning  |       |       |       |       |     5 ||     5
Invok: Bend Time         |       |       |       |     1 |     4 ||     5
       Temporal Distorti |       |       |       |       |     1 ||     1
 Abil: End Transformatio |       |       |       |     1 |     1 ||     2
Evoke: Wand              |       |     1 |       |    12 |    20 ||    33
  Use: Scroll            |     3 |     5 |     9 |     6 |     4 ||    27
       Potion            |       |     1 |     1 |       |     4 ||     6
 Stab: Sleeping          |     8 |    10 |     5 |     8 |     7 ||    38
       Invisible         |       |       |     2 |       |     6 ||     8
       Distracted        |       |       |       |     2 |     3 ||     5
       Confused          |       |       |       |       |    12 ||    12
  Eat: Chunk             |       |    14 |    24 |    20 |    13 ||    71
Armor: Skin              |     6 |     2 |    19 |    52 |    43 ||   122
Dodge: Dodged            |    26 |    53 |   233 |   540 |   618 ||  1470
Block: Buckler           |       |       |       |     8 |    14 ||    22
